[ PARTIDA AOE2 · #475688118 ]
Team RMMalayos vs Inca
[ ANÁLISIS DE REPETICIÓN · EXTRAÍDO DE LA PARTIDA GRABADA ]
Feudal
—
Castillos
—
Imperial
—
| APM promedio | 2.1 |
| APM pico | 44 |
| eAPM promedio | 0.8 |
| Aldeanos / militares | 11 / 0 |
Foco
⚔️ 0.0% · 🌾 100.0%
Feudal
—
Castillos
—
Imperial
—
| APM promedio | 22.0 |
| APM pico | 111 |
| eAPM promedio | 18.2 |
| Aldeanos / militares | 140 / 248 |
Foco
⚔️ 20.2% · 🌾 79.8%
Skirmisher ×114 · Leitis ×112 · Knight ×10 · Scout Cavalry ×7 · Monk ×5
Feudal
9:55
Castillos
23:14
Imperial
36:21
| APM promedio | 48.7 |
| APM pico | 94 |
| eAPM promedio | 18.8 |
| Aldeanos / militares | 128 / 267 |
Foco
⚔️ 44.7% · 🌾 55.3%
Archer ×150 · Spearman ×103 · Trebuchet (Packed) ×8 · Battering Ram ×6
Feudal
10:46
Castillos
20:08
Imperial
40:03
| APM promedio | 19.1 |
| APM pico | 59 |
| eAPM promedio | 14.2 |
| Aldeanos / militares | 109 / 188 |
Foco
⚔️ 30.2% · 🌾 69.8%
Eagle Scout ×113 · Spearman ×66 · Archer ×3 · Trebuchet (Packed) ×3 · Mangonel ×2 · Militia ×1
Feudal
11:15
Castillos
16:29
Imperial
47:59
| APM promedio | 24.2 |
| APM pico | 84 |
| eAPM promedio | 11.8 |
| Aldeanos / militares | 170 / 108 |
Foco
⚔️ 24.7% · 🌾 75.3%
Hussite Wagon ×84 · Spearman ×23 · Monk ×1
Feudal
17:09
Castillos
22:53
Imperial
38:45
| APM promedio | 15.7 |
| APM pico | 84 |
| eAPM promedio | 9.6 |
| Aldeanos / militares | 101 / 65 |
Foco
⚔️ 24.7% · 🌾 75.3%
Unknown (2550) ×203 · Kamayuk ×57 · Battering Ram ×4 · Trebuchet (Packed) ×4
Feudal
11:42
Castillos
25:47
Imperial
41:02
| APM promedio | 17.5 |
| APM pico | 56 |
| eAPM promedio | 12.6 |
| Aldeanos / militares | 145 / 238 |
Foco
⚔️ 45.0% · 🌾 55.0%
Knight ×227 · Scout Cavalry ×7 · Spearman ×4
Feudal
17:02
Castillos
—
Imperial
—
| APM promedio | 2.7 |
| APM pico | 30 |
| eAPM promedio | 1.7 |
| Aldeanos / militares | 21 / 4 |
Foco
⚔️ 18.1% · 🌾 81.9%
Militia ×2 · Spearman ×2
Mapa de la partida
Recursos iniciales + cada clic de construcción. Líneas = muros · curvas = relieve. ◆ oro · ⬟ piedra · ● bayas · ✦ reliquia · ◌ hueco del cierre
Tu base· Abierta — flanco sin cerrar
Base de Abraham16034735· Abierta — flanco sin cerrar
Base de Jhon wick· ✓ Cerrada en 23:14 · 56t muro · 1 puerta(s)
Base de Bentenasin· Abierta — hueco de 7t
Base de Ty5oN· Abierta — flanco sin cerrar
Base de ubbe· Abierta — flanco sin cerrar
Base de Kronos· Abierta — hueco de 7t
Base de net_o_fists· Abierta — flanco sin cerrar
Terreno inicial suavizado · ◌ = hueco del cierre detectado · pasá el cursor para detalles
Inputs por minuto
— okay - - Abraham16034735
Build order — okay
15 acciones detectadas en el replay
| 0:01 | Crear | Villager (Male) |
| 0:01 | Crear | Villager (Male) |
| 0:01 | Crear | Villager (Male) |
| 0:02 | Construir | House |
| 0:04 | Construir | House |
| 0:27 | Crear | Villager (Male) |
| 1:30 | Crear | Villager (Male) |
| 1:45 | Construir | Lumber Camp |
| 2:03 | Crear | Villager (Male) |
| 2:18 | Crear | Villager (Male) |
| 3:02 | Crear | Villager (Male) |
| 3:02 | Crear | Villager (Male) |
| 3:30 | Construir | House |
| 3:53 | Crear | Villager (Male) |
| 3:53 | Crear | Villager (Male) |
Build order — Abraham16034735
Primeras 150 de 443 acciones detectadas
| 0:01 | Crear | Villager (Male) |
| 0:02 | Crear | Villager (Male) |
| 0:03 | Construir | House |
| 0:04 | Construir | House |
| 0:42 | Crear | Villager (Male) |
| 0:43 | Crear | Villager (Male) |
| 0:43 | Crear | Villager (Male) |
| 0:43 | Crear | Villager (Male) |
| 0:44 | Crear | Villager (Male) |
| 1:25 | Crear | Villager (Male) |
| 2:20 | Construir | Lumber Camp |
| 2:23 | Crear | Villager (Male) |
| 2:24 | Crear | Villager (Male) |
| 3:04 | Crear | Villager (Male) |
| 3:04 | Crear | Villager (Male) |
| 3:10 | Construir | House |
| 3:34 | Crear | Villager (Male) |
| 3:47 | Crear | Villager (Male) |
| 4:43 | Crear | Villager (Male) |
| 4:48 | Construir | House |
| 5:26 | Crear | Villager (Male) |
| 5:49 | Crear | Villager (Male) |
| 5:49 | Crear | Villager (Male) |
| 5:49 | Crear | Villager (Male) |
| 5:50 | Crear | Villager (Male) |
| 6:08 | Crear | Villager (Male) |
| 6:08 | Crear | Villager (Male) |
| 6:15 | Construir | Mill |
| 6:34 | Investigar | Loom |
| 7:43 | Construir | Barracks |
| 7:47 | Investigar | Feudal Age |
| 8:35 | Construir | House |
| 8:42 | Crear | Villager (Male) |
| 8:42 | Crear | Villager (Male) |
| 9:08 | Construir | House |
| 9:19 | Construir | Mill |
| 10:11 | Construir | Stable |
| 10:32 | Construir | Blacksmith |
| 10:45 | Crear | Villager (Male) |
| 10:46 | Crear | Villager (Male) |
| 10:53 | Investigar | Double-Bit Axe |
| 11:11 | Crear | Villager (Male) |
| 11:11 | Crear | Villager (Male) |
| 11:12 | Crear | Villager (Male) |
| 11:12 | Crear | Villager (Male) |
| 11:21 | Construir | House |
| 11:32 | Crear | Scout Cavalry |
| 11:32 | Crear | Scout Cavalry |
| 11:33 | Crear | Scout Cavalry |
| 11:57 | Investigar | Horse Collar |
| 12:06 | Construir | Farm |
| 12:06 | Construir | Farm |
| 12:13 | Investigar | Scale Barding Armor |
| 12:30 | Construir | Farm |
| 13:18 | Crear | Villager (Male) |
| 13:19 | Crear | Villager (Male) |
| 13:19 | Crear | Villager (Male) |
| 13:45 | Construir | Mining Camp |
| 14:03 | Construir | Farm |
| 14:04 | Construir | Farm |
| 14:04 | Construir | Farm |
| 14:04 | Construir | Farm |
| 14:04 | Construir | Farm |
| 14:05 | Construir | Farm |
| 14:05 | Construir | Farm |
| 14:05 | Construir | Farm |
| 14:05 | Construir | Farm |
| 14:06 | Construir | Farm |
| 14:06 | Construir | Farm |
| 14:06 | Construir | Farm |
| 14:06 | Construir | Farm |
| 14:07 | Construir | Farm |
| 14:24 | Construir | Farm |
| 14:24 | Construir | Farm |
| 14:24 | Construir | Farm |
| 14:25 | Construir | Farm |
| 14:25 | Construir | Farm |
| 14:25 | Construir | Farm |
| 14:25 | Construir | Farm |
| 14:26 | Construir | Farm |
| 14:26 | Construir | Farm |
| 14:30 | Construir | Farm |
| 14:30 | Construir | Farm |
| 14:31 | Construir | Farm |
| 14:31 | Construir | Farm |
| 14:31 | Construir | Farm |
| 14:31 | Construir | Farm |
| 14:40 | Construir | Farm |
| 14:40 | Construir | Farm |
| 14:41 | Construir | Farm |
| 14:41 | Construir | Farm |
| 14:41 | Construir | Farm |
| 14:42 | Construir | Farm |
| 14:42 | Construir | Farm |
| 14:42 | Construir | Farm |
| 14:42 | Construir | Farm |
| 14:43 | Construir | Farm |
| 14:43 | Construir | Farm |
| 14:43 | Construir | Farm |
| 14:44 | Construir | Farm |
| 14:44 | Construir | Farm |
| 14:44 | Construir | Farm |
| 14:44 | Construir | Farm |
| 14:45 | Construir | Farm |
| 14:45 | Construir | Farm |
| 15:14 | Construir | Farm |
| 15:32 | Construir | Farm |
| 16:36 | Investigar | Castle Age |
| 16:51 | Construir | Farm |
| 16:51 | Construir | Farm |
| 16:51 | Construir | Farm |
| 16:52 | Construir | Farm |
| 16:53 | Construir | Farm |
| 17:02 | Crear | Scout Cavalry |
| 17:02 | Crear | Scout Cavalry |
| 17:45 | Investigar | Bloodlines |
| 17:53 | Investigar | Forging |
| 17:54 | Investigar | Forging |
| 18:08 | Crear | Scout Cavalry |
| 18:08 | Crear | Scout Cavalry |
| 19:18 | Crear | Villager (Male) |
| 19:18 | Crear | Villager (Male) |
| 19:18 | Crear | Villager (Male) |
| 19:29 | Crear | Knight |
| 19:29 | Crear | Knight |
| 19:37 | Construir | Monastery |
| 19:52 | Construir | Town Center |
| 20:06 | Construir | Town Center |
| 20:17 | Construir | House |
| 20:19 | Construir | House |
| 20:29 | Investigar | Town Watch |
| 20:31 | Crear | Villager (Male) |
| 20:44 | Crear | Villager (Male) |
| 20:49 | Crear | Villager (Male) |
| 20:58 | Crear | Knight |
| 21:03 | Crear | Monk |
| 21:10 | Crear | Villager (Male) |
| 21:30 | Investigar | Bow Saw |
| 21:33 | Crear | Villager (Male) |
| 21:33 | Crear | Villager (Male) |
| 21:33 | Crear | Villager (Male) |
| 21:36 | Crear | Villager (Male) |
| 21:37 | Crear | Villager (Male) |
| 21:38 | Crear | Villager (Male) |
| 21:39 | Crear | Villager (Male) |
| 21:40 | Crear | Villager (Male) |
| 21:40 | Crear | Villager (Male) |
| 21:58 | Crear | Villager (Male) |
| 21:58 | Crear | Villager (Male) |
| 21:58 | Crear | Villager (Male) |
Build order — Jhon wick
Primeras 150 de 625 acciones detectadas
| 0:02 | Crear | Villager (Male) |
| 0:02 | Crear | Villager (Male) |
| 0:02 | Crear | Villager (Male) |
| 0:02 | Crear | Villager (Male) |
| 0:05 | Construir | House |
| 0:06 | Construir | House |
| 1:33 | Crear | Villager (Male) |
| 1:33 | Crear | Villager (Male) |
| 1:33 | Crear | Villager (Male) |
| 1:50 | Crear | Villager (Male) |
| 1:50 | Crear | Villager (Male) |
| 1:52 | Construir | Lumber Camp |
| 2:12 | Crear | Villager (Male) |
| 2:12 | Crear | Villager (Male) |
| 2:28 | Crear | Villager (Male) |
| 2:47 | Crear | Villager (Male) |
| 2:47 | Crear | Villager (Male) |
| 3:10 | Crear | Villager (Male) |
| 3:23 | Crear | Villager (Male) |
| 3:54 | Construir | House |
| 3:56 | Construir | House |
| 4:20 | Construir | Mill |
| 4:28 | Crear | Villager (Male) |
| 5:15 | Crear | Villager (Male) |
| 5:15 | Crear | Villager (Male) |
| 5:16 | Crear | Villager (Male) |
| 5:25 | Crear | Villager (Male) |
| 5:26 | Crear | Villager (Male) |
| 6:24 | Investigar | Loom |
| 7:36 | Investigar | Feudal Age |
| 8:17 | Construir | Barracks |
| 9:08 | Construir | Mining Camp |
| 9:37 | Construir | House |
| 9:55 | Edad | Edad Feudal |
| 10:08 | Construir | Archery Range |
| 10:13 | Crear | Villager (Male) |
| 10:13 | Crear | Villager (Male) |
| 10:13 | Crear | Villager (Male) |
| 10:28 | Construir | Palisade Wall |
| 10:41 | Investigar | Double-Bit Axe |
| 10:48 | Investigar | Horse Collar |
| 11:11 | Crear | Archer |
| 11:11 | Crear | Archer |
| 11:11 | Crear | Archer |
| 11:12 | Crear | Archer |
| 11:18 | Construir | Mill |
| 11:26 | Crear | Villager (Male) |
| 11:27 | Crear | Villager (Male) |
| 11:27 | Crear | Villager (Male) |
| 11:27 | Crear | Villager (Male) |
| 11:40 | Construir | House |
| 11:55 | Construir | House |
| 11:58 | Construir | Palisade Wall |
| 12:07 | Construir | Palisade Wall |
| 12:17 | Crear | Archer |
| 12:21 | Construir | Blacksmith |
| 12:27 | Construir | House |
| 12:56 | Investigar | Gold Mining |
| 12:59 | Crear | Villager (Male) |
| 13:03 | Construir | Farm |
| 13:09 | Investigar | Fletching |
| 13:19 | Construir | Farm |
| 13:23 | Crear | Archer |
| 13:36 | Construir | Farm |
| 13:39 | Construir | Farm |
| 13:40 | Construir | Farm |
| 13:43 | Construir | Farm |
| 13:48 | Crear | Villager (Male) |
| 13:56 | Construir | Palisade Wall |
| 14:16 | Crear | Villager (Male) |
| 14:19 | Construir | Farm |
| 14:21 | Construir | Farm |
| 14:23 | Crear | Villager (Male) |
| 14:50 | Crear | Villager (Male) |
| 14:50 | Crear | Villager (Male) |
| 14:52 | Construir | Farm |
| 14:55 | Construir | Farm |
| 15:41 | Crear | Archer |
| 15:41 | Crear | Archer |
| 15:41 | Crear | Archer |
| 15:42 | Crear | Archer |
| 15:42 | Crear | Archer |
| 15:54 | Crear | Villager (Male) |
| 15:55 | Crear | Villager (Male) |
| 15:56 | Construir | Farm |
| 15:59 | Construir | Farm |
| 16:28 | Investigar | Padded Archer Armor |
| 16:31 | Construir | Lumber Camp |
| 16:35 | Crear | Villager (Male) |
| 16:35 | Crear | Villager (Male) |
| 16:35 | Crear | Villager (Male) |
| 16:49 | Construir | Market |
| 17:28 | Crear | Archer |
| 17:29 | Crear | Archer |
| 17:29 | Crear | Archer |
| 17:43 | Construir | Palisade Wall |
| 17:48 | Construir | Palisade Wall |
| 18:04 | Construir | House |
| 18:04 | Construir | House |
| 18:05 | Construir | House |
| 18:54 | Crear | Villager (Male) |
| 18:55 | Crear | Villager (Male) |
| 18:55 | Crear | Villager (Male) |
| 18:55 | Crear | Villager (Male) |
| 19:02 | Crear | Archer |
| 19:42 | Investigar | Castle Age |
| 20:11 | Construir | Farm |
| 20:13 | Construir | Farm |
| 20:15 | Construir | Farm |
| 20:27 | Construir | Archery Range |
| 20:34 | Construir | Archery Range |
| 20:42 | Construir | House |
| 20:44 | Construir | House |
| 20:51 | Construir | House |
| 20:52 | Construir | House |
| 21:20 | Construir | Farm |
| 21:22 | Construir | Farm |
| 21:29 | Construir | House |
| 21:49 | Crear | Archer |
| 21:49 | Crear | Archer |
| 21:50 | Crear | Archer |
| 21:50 | Crear | Archer |
| 21:50 | Crear | Archer |
| 21:50 | Crear | Archer |
| 21:51 | Crear | Archer |
| 21:51 | Crear | Archer |
| 21:51 | Crear | Archer |
| 21:51 | Crear | Archer |
| 21:51 | Crear | Archer |
| 22:43 | Construir | Palisade Gate |
| 23:14 | Edad | Edad de los Castillos |
| 23:20 | Investigar | Crossbowman (upgrade) |
| 23:32 | Investigar | Bodkin Arrow |
| 23:37 | Construir | Town Center |
| 23:52 | Construir | Town Center |
| 23:57 | Crear | Villager (Male) |
| 23:57 | Crear | Villager (Male) |
| 23:57 | Crear | Villager (Male) |
| 23:57 | Crear | Villager (Male) |
| 23:58 | Crear | Villager (Male) |
| 24:06 | Investigar | Leather Archer Armor |
| 24:10 | Construir | University |
| 24:56 | Crear | Villager (Male) |
| 24:56 | Crear | Villager (Male) |
| 24:57 | Crear | Villager (Male) |
| 24:57 | Crear | Villager (Male) |
| 24:57 | Crear | Villager (Male) |
| 24:58 | Crear | Villager (Male) |
| 24:58 | Crear | Villager (Male) |
| 24:58 | Crear | Villager (Male) |
Build order — Bentenasin
Primeras 150 de 404 acciones detectadas
| 0:02 | Crear | Villager (Male) |
| 0:02 | Crear | Villager (Male) |
| 0:04 | Construir | House |
| 0:06 | Construir | House |
| 0:09 | Crear | Villager (Male) |
| 0:09 | Crear | Villager (Male) |
| 0:36 | Construir | House |
| 1:43 | Crear | Villager (Male) |
| 2:14 | Crear | Villager (Male) |
| 2:23 | Investigar | Loom |
| 2:38 | Crear | Villager (Male) |
| 2:45 | Construir | Lumber Camp |
| 3:17 | Crear | Villager (Male) |
| 3:34 | Crear | Villager (Male) |
| 4:10 | Crear | Villager (Male) |
| 4:36 | Construir | Mill |
| 4:59 | Crear | Villager (Male) |
| 5:36 | Crear | Villager (Male) |
| 6:11 | Crear | Villager (Male) |
| 6:44 | Crear | Villager (Male) |
| 7:14 | Crear | Villager (Male) |
| 7:15 | Crear | Villager (Male) |
| 7:32 | Construir | House |
| 7:33 | Construir | House |
| 7:50 | Crear | Villager (Male) |
| 8:00 | Construir | House |
| 8:33 | Crear | Villager (Male) |
| 8:36 | Investigar | Feudal Age |
| 8:53 | Construir | Palisade Wall |
| 9:07 | Construir | Palisade Wall |
| 10:12 | Construir | Palisade Wall |
| 10:15 | Construir | Palisade Gate |
| 10:46 | Edad | Edad Feudal |
| 10:54 | Construir | Mining Camp |
| 10:55 | Crear | Villager (Male) |
| 10:56 | Crear | Villager (Male) |
| 11:07 | Investigar | Horse Collar |
| 11:24 | Construir | House |
| 11:37 | Construir | Stone Wall |
| 11:39 | Crear | Villager (Male) |
| 11:45 | Investigar | Gold Mining |
| 11:54 | Construir | Farm |
| 11:57 | Construir | Farm |
| 12:20 | Crear | Villager (Male) |
| 12:30 | Crear | Villager (Male) |
| 13:10 | Crear | Villager (Male) |
| 13:26 | Construir | Farm |
| 13:27 | Construir | Farm |
| 13:36 | Crear | Villager (Male) |
| 13:37 | Crear | Villager (Male) |
| 13:44 | Construir | Farm |
| 13:46 | Construir | Farm |
| 13:55 | Construir | House |
| 13:56 | Construir | House |
| 13:58 | Construir | House |
| 13:59 | Construir | House |
| 14:29 | Construir | Farm |
| 14:31 | Crear | Villager (Male) |
| 14:50 | Construir | Market |
| 14:52 | Construir | House |
| 14:53 | Construir | House |
| 14:55 | Construir | House |
| 14:57 | Crear | Villager (Male) |
| 14:58 | Crear | Villager (Male) |
| 15:13 | Construir | Farm |
| 15:14 | Crear | Villager (Male) |
| 15:25 | Construir | House |
| 15:26 | Construir | House |
| 15:45 | Construir | Palisade Gate |
| 15:52 | Crear | Villager (Male) |
| 16:27 | Construir | Blacksmith |
| 16:29 | Crear | Villager (Male) |
| 17:03 | Crear | Villager (Male) |
| 17:21 | Investigar | Castle Age |
| 17:28 | Construir | Mining Camp |
| 17:34 | Construir | Mining Camp |
| 18:17 | Construir | Farm |
| 18:27 | Construir | Farm |
| 18:43 | Construir | Mining Camp |
| 19:09 | Construir | Barracks |
| 19:36 | Construir | Archery Range |
| 19:39 | Crear | Villager (Male) |
| 19:56 | Construir | Stone Wall |
| 20:00 | Construir | Gate |
| 20:03 | Crear | Villager (Male) |
| 20:08 | Edad | Edad de los Castillos |
| 20:08 | Crear | Archer |
| 20:09 | Crear | Archer |
| 20:10 | Crear | Archer |
| 20:14 | Investigar | Fletching |
| 20:28 | Crear | Villager (Male) |
| 20:57 | Investigar | Crossbowman (upgrade) |
| 21:09 | Construir | Town Center |
| 21:22 | Crear | Villager (Male) |
| 22:02 | Construir | Watch Tower |
| 22:17 | Investigar | Bodkin Arrow |
| 22:24 | Crear | Villager (Male) |
| 22:24 | Crear | Villager (Male) |
| 22:29 | Investigar | Eagle Warrior (upgrade) |
| 22:30 | Investigar | Squires |
| 22:52 | Crear | Villager (Male) |
| 22:55 | Construir | Farm |
| 23:12 | Crear | Eagle Scout |
| 23:12 | Crear | Eagle Scout |
| 23:26 | Construir | Barracks |
| 23:42 | Crear | Villager (Male) |
| 23:44 | Crear | Villager (Male) |
| 23:44 | Crear | Villager (Male) |
| 24:22 | Construir | Stone Wall |
| 24:45 | Crear | Militia |
| 24:51 | Crear | Eagle Scout |
| 25:00 | Crear | Villager (Male) |
| 25:27 | Crear | Villager (Male) |
| 25:40 | Construir | Farm |
| 25:47 | Crear | Villager (Male) |
| 25:47 | Crear | Villager (Male) |
| 25:51 | Construir | Farm |
| 25:57 | Construir | Farm |
| 26:08 | Construir | University |
| 26:20 | Construir | House |
| 26:28 | Construir | Farm |
| 26:34 | Investigar | Wheelbarrow |
| 26:36 | Construir | Farm |
| 26:42 | Construir | Lumber Camp |
| 26:46 | Construir | Farm |
| 26:47 | Construir | Farm |
| 26:59 | Construir | Farm |
| 27:06 | Construir | Gate |
| 27:14 | Crear | Villager (Male) |
| 27:15 | Crear | Villager (Male) |
| 27:34 | Construir | Farm |
| 27:54 | Crear | Eagle Scout |
| 27:54 | Crear | Eagle Scout |
| 27:59 | Investigar | Scale Mail Armor |
| 28:18 | Crear | Villager (Male) |
| 28:18 | Crear | Villager (Male) |
| 28:30 | Crear | Villager (Male) |
| 28:32 | Crear | Villager (Male) |
| 28:32 | Crear | Villager (Male) |
| 28:32 | Crear | Villager (Male) |
| 28:38 | Construir | Farm |
| 28:42 | Construir | Farm |
| 28:46 | Crear | Eagle Scout |
| 28:57 | Crear | Villager (Male) |
| 29:19 | Crear | Eagle Scout |
| 29:24 | Investigar | Chain Mail Armor |
| 29:36 | Construir | Farm |
| 29:42 | Construir | Farm |
| 29:44 | Crear | Eagle Scout |
| 29:51 | Construir | Barracks |
Build order — Ty5oN
Primeras 150 de 273 acciones detectadas
| 0:01 | Crear | Villager (Male) |
| 0:02 | Crear | Villager (Male) |
| 0:02 | Crear | Villager (Male) |
| 0:03 | Construir | House |
| 0:06 | Construir | House |
| 0:37 | Crear | Villager (Male) |
| 0:37 | Crear | Villager (Male) |
| 1:37 | Crear | Villager (Male) |
| 2:08 | Crear | Villager (Male) |
| 2:47 | Crear | Villager (Male) |
| 2:47 | Crear | Villager (Male) |
| 3:11 | Crear | Villager (Male) |
| 3:11 | Crear | Villager (Male) |
| 3:12 | Crear | Villager (Male) |
| 3:22 | Construir | House |
| 3:24 | Construir | Lumber Camp |
| 3:28 | Crear | Villager (Male) |
| 4:08 | Crear | Villager (Male) |
| 4:08 | Crear | Villager (Male) |
| 5:09 | Construir | House |
| 5:20 | Crear | Villager (Male) |
| 5:20 | Crear | Villager (Male) |
| 5:20 | Crear | Villager (Male) |
| 6:17 | Construir | Mill |
| 6:28 | Crear | Villager (Male) |
| 6:29 | Crear | Villager (Male) |
| 6:32 | Crear | Villager (Male) |
| 7:11 | Crear | Villager (Male) |
| 7:11 | Crear | Villager (Male) |
| 8:20 | Construir | Mining Camp |
| 8:39 | Investigar | Loom |
| 9:04 | Investigar | Feudal Age |
| 9:29 | Crear | Villager (Male) |
| 9:29 | Crear | Villager (Male) |
| 11:14 | Construir | House |
| 11:15 | Edad | Edad Feudal |
| 11:20 | Construir | Blacksmith |
| 11:22 | Construir | Market |
| 11:37 | Crear | Villager (Male) |
| 11:39 | Construir | Farm |
| 11:41 | Construir | Farm |
| 11:42 | Construir | Farm |
| 11:51 | Investigar | Wheelbarrow |
| 12:00 | Construir | Farm |
| 12:12 | Construir | Farm |
| 12:25 | Construir | Farm |
| 12:58 | Construir | Farm |
| 13:18 | Crear | Villager (Male) |
| 13:49 | Investigar | Castle Age |
| 13:56 | Construir | Mining Camp |
| 14:39 | Investigar | Double-Bit Axe |
| 14:41 | Investigar | Horse Collar |
| 15:42 | Crear | Villager (Male) |
| 15:42 | Crear | Villager (Male) |
| 16:29 | Edad | Edad de los Castillos |
| 16:36 | Construir | House |
| 17:05 | Construir | Castle |
| 18:01 | Construir | Lumber Camp |
| 18:08 | Crear | Villager (Male) |
| 18:08 | Crear | Villager (Male) |
| 18:10 | Crear | Villager (Male) |
| 18:23 | Crear | Hussite Wagon |
| 19:02 | Crear | Hussite Wagon |
| 19:18 | Investigar | Bow Saw |
| 19:38 | Crear | Hussite Wagon |
| 19:41 | Crear | Villager (Male) |
| 19:41 | Crear | Villager (Male) |
| 19:42 | Crear | Villager (Male) |
| 19:42 | Crear | Villager (Male) |
| 20:00 | Crear | Hussite Wagon |
| 20:10 | Investigar | Fletching |
| 20:20 | Crear | Villager (Male) |
| 20:31 | Construir | Mining Camp |
| 20:54 | Crear | Hussite Wagon |
| 20:55 | Crear | Hussite Wagon |
| 21:52 | Construir | Farm |
| 21:54 | Construir | Farm |
| 23:02 | Crear | Hussite Wagon |
| 23:07 | Investigar | Wagenburg Tactics |
| 23:18 | Crear | Villager (Male) |
| 23:18 | Crear | Villager (Male) |
| 23:18 | Crear | Villager (Male) |
| 23:19 | Crear | Villager (Male) |
| 23:19 | Crear | Villager (Male) |
| 23:58 | Crear | Hussite Wagon |
| 23:59 | Crear | Hussite Wagon |
| 24:46 | Crear | Hussite Wagon |
| 24:46 | Crear | Hussite Wagon |
| 24:49 | Crear | Villager (Male) |
| 24:49 | Crear | Villager (Male) |
| 24:49 | Crear | Villager (Male) |
| 24:50 | Crear | Villager (Male) |
| 25:30 | Crear | Hussite Wagon |
| 25:31 | Crear | Hussite Wagon |
| 25:45 | Construir | Castle |
| 25:47 | Construir | Mining Camp |
| 25:59 | Crear | Villager (Male) |
| 26:11 | Investigar | Heavy Plow |
| 27:04 | Construir | Castle |
| 27:33 | Crear | Villager (Male) ×5 |
| 27:48 | Construir | Mining Camp |
| 27:59 | Construir | House |
| 28:03 | Construir | House |
| 28:12 | Crear | Hussite Wagon ×5 |
| 28:13 | Crear | Hussite Wagon ×3 |
| 29:02 | Crear | Hussite Wagon ×5 |
| 29:29 | Crear | Villager (Male) |
| 29:30 | Crear | Villager (Male) |
| 29:30 | Crear | Villager (Male) |
| 29:30 | Crear | Villager (Male) |
| 30:01 | Construir | Town Center |
| 30:24 | Construir | University |
| 30:40 | Construir | Castle |
| 31:05 | Investigar | Chemistry |
| 31:34 | Crear | Villager (Male) |
| 31:45 | Crear | Villager (Male) |
| 31:53 | Construir | Farm |
| 31:53 | Construir | Farm |
| 31:54 | Construir | Farm |
| 32:44 | Investigar | Bodkin Arrow |
| 32:57 | Crear | Hussite Wagon ×2 |
| 33:24 | Construir | Farm |
| 33:26 | Construir | Farm |
| 34:22 | Crear | Hussite Wagon ×2 |
| 35:53 | Crear | Villager (Male) ×5 |
| 35:56 | Crear | Villager (Male) |
| 35:56 | Crear | Villager (Male) |
| 36:17 | Investigar | Ballistics |
| 36:37 | Crear | Hussite Wagon |
| 36:48 | Crear | Villager (Male) |
| 36:48 | Crear | Villager (Male) |
| 36:48 | Crear | Villager (Male) |
| 36:48 | Crear | Villager (Male) |
| 37:07 | Crear | Villager (Male) |
| 37:33 | Investigar | Murder Holes |
| 37:52 | Crear | Hussite Wagon ×4 |
| 38:01 | Crear | Hussite Wagon ×2 |
| 38:08 | Crear | Villager (Male) |
| 38:08 | Crear | Villager (Male) |
| 38:08 | Crear | Villager (Male) |
| 38:08 | Crear | Villager (Male) |
| 38:08 | Crear | Villager (Male) |
| 38:34 | Construir | Lumber Camp |
| 38:39 | Crear | Hussite Wagon ×2 |
| 39:12 | Crear | Hussite Wagon ×3 |
| 39:25 | Crear | Villager (Male) |
| 39:25 | Crear | Villager (Male) |
| 39:28 | Crear | Villager (Male) ×5 |
| 39:33 | Crear | Hussite Wagon ×2 |
| 40:46 | Construir | Town Center |
Build order — ubbe
Primeras 150 de 274 acciones detectadas
| 0:02 | Crear | Villager (Male) |
| 0:02 | Crear | Villager (Male) |
| 0:03 | Crear | Villager (Male) |
| 0:03 | Crear | Villager (Male) |
| 0:05 | Construir | House |
| 0:06 | Construir | House |
| 0:06 | Construir | House |
| 0:07 | Construir | House |
| 0:07 | Construir | House |
| 0:10 | Construir | House |
| 1:38 | Crear | Villager (Male) |
| 2:18 | Crear | Villager (Male) |
| 2:19 | Crear | Villager (Male) |
| 2:39 | Crear | Villager (Male) |
| 2:39 | Crear | Villager (Male) |
| 3:10 | Crear | Villager (Male) |
| 3:11 | Crear | Villager (Male) |
| 3:27 | Crear | Villager (Male) |
| 3:27 | Crear | Villager (Male) |
| 4:00 | Crear | Villager (Male) |
| 4:00 | Crear | Villager (Male) |
| 4:20 | Crear | Villager (Male) |
| 4:46 | Crear | Villager (Male) |
| 4:47 | Crear | Villager (Male) |
| 5:02 | Crear | Villager (Male) |
| 5:31 | Crear | Villager (Male) |
| 5:32 | Crear | Villager (Male) |
| 6:27 | Crear | Villager (Male) |
| 6:46 | Crear | Villager (Male) |
| 6:46 | Crear | Villager (Male) |
| 7:04 | Crear | Villager (Male) ×5 |
| 7:35 | Construir | Settlement |
| 8:51 | Construir | Farm |
| 8:51 | Construir | Farm |
| 8:51 | Construir | Farm |
| 8:52 | Construir | Farm |
| 8:52 | Construir | Farm |
| 8:52 | Construir | Farm |
| 8:53 | Construir | Farm |
| 8:53 | Construir | Farm |
| 9:23 | Construir | Farm |
| 9:23 | Construir | Farm |
| 9:24 | Construir | Farm |
| 9:24 | Construir | Farm |
| 9:24 | Construir | Farm |
| 9:25 | Construir | Farm |
| 9:25 | Construir | Farm |
| 9:31 | Crear | Villager (Male) |
| 9:31 | Crear | Villager (Male) |
| 9:33 | Crear | Villager (Male) |
| 9:52 | Construir | Farm |
| 9:53 | Construir | Farm |
| 9:53 | Construir | Farm |
| 9:53 | Construir | Farm |
| 9:54 | Construir | Farm |
| 9:56 | Construir | Farm |
| 9:59 | Construir | Farm |
| 10:00 | Construir | Farm |
| 10:00 | Construir | Farm |
| 10:18 | Construir | Settlement |
| 10:29 | Construir | Farm |
| 10:30 | Construir | Farm |
| 10:30 | Construir | Farm |
| 10:30 | Construir | Farm |
| 10:31 | Construir | Farm |
| 10:35 | Crear | Villager (Male) |
| 11:08 | Construir | Barracks |
| 11:25 | Crear | Villager (Male) |
| 11:26 | Crear | Villager (Male) |
| 12:14 | Construir | Farm |
| 12:14 | Construir | Farm |
| 12:15 | Construir | Farm |
| 12:16 | Construir | Farm |
| 12:16 | Construir | Farm |
| 12:16 | Construir | Farm |
| 12:17 | Construir | Farm |
| 12:26 | Crear | Villager (Male) |
| 12:27 | Crear | Villager (Male) |
| 12:27 | Crear | Villager (Male) |
| 12:32 | Crear | Unit 2550 |
| 12:44 | Construir | Barracks |
| 13:31 | Crear | Villager (Male) |
| 13:51 | Construir | Barracks |
| 14:09 | Crear | Villager (Male) |
| 14:09 | Crear | Villager (Male) |
| 14:39 | Investigar | Feudal Age |
| 14:39 | Investigar | Feudal Age |
| 15:01 | Construir | Barracks |
| 15:41 | Construir | Settlement |
| 15:48 | Crear | Villager (Male) ×5 |
| 16:05 | Construir | Barracks |
| 17:09 | Edad | Edad Feudal |
| 17:17 | Investigar | Double-Bit Axe |
| 17:20 | Investigar | Horse Collar |
| 17:40 | Construir | Farm |
| 17:48 | Investigar | Gold Mining |
| 18:23 | Construir | Market |
| 18:46 | Investigar | Arson |
| 19:15 | Construir | Blacksmith |
| 19:48 | Crear | Villager (Male) |
| 19:59 | Investigar | Castle Age |
| 20:03 | Investigar | Tech 1402 |
| 20:09 | Investigar | Forging |
| 20:12 | Investigar | Scale Mail Armor |
| 20:58 | Crear | Unit 2550 ×5 |
| 21:04 | Crear | Unit 2550 ×2 |
| 21:22 | Construir | Barracks |
| 21:46 | Construir | Settlement |
| 22:14 | Investigar | Stone Mining |
| 22:22 | Crear | Unit 2550 ×5 |
| 22:53 | Edad | Edad de los Castillos |
| 23:10 | Construir | Town Center |
| 23:15 | Crear | Villager (Male) ×5 |
| 23:21 | Investigar | Heavy Plow |
| 23:24 | Investigar | Bow Saw |
| 24:11 | Investigar | Tech 1351 |
| 24:16 | Crear | Unit 2550 ×3 |
| 24:41 | Investigar | Squires |
| 25:53 | Crear | Villager (Male) ×5 |
| 26:06 | Construir | Settlement |
| 26:12 | Crear | Villager (Male) |
| 26:13 | Crear | Villager (Male) |
| 26:13 | Crear | Villager (Male) |
| 26:19 | Crear | Villager (Male) |
| 26:19 | Crear | Villager (Male) |
| 27:04 | Construir | Town Center |
| 27:10 | Crear | Villager (Male) |
| 27:18 | Construir | Farm |
| 27:18 | Construir | Farm |
| 27:19 | Construir | Farm |
| 27:19 | Construir | Farm |
| 27:20 | Construir | Farm |
| 27:20 | Construir | Farm |
| 27:20 | Construir | Farm |
| 27:21 | Construir | Farm |
| 27:24 | Construir | Farm |
| 27:28 | Crear | Villager (Male) |
| 27:49 | Investigar | Iron Casting |
| 27:50 | Investigar | Chain Mail Armor |
| 28:09 | Crear | Villager (Male) |
| 28:09 | Crear | Villager (Male) |
| 29:08 | Crear | Unit 2550 ×5 |
| 29:09 | Crear | Unit 2550 ×5 |
| 29:12 | Crear | Unit 2550 ×5 |
| 29:29 | Construir | Castle |
| 29:53 | Crear | Unit 2550 ×5 |
| 29:57 | Crear | Villager (Male) |
| 29:57 | Crear | Villager (Male) |
| 29:59 | Crear | Villager (Male) |
| 30:07 | Crear | Villager (Male) |
Build order — Kronos
Primeras 150 de 514 acciones detectadas
| 0:02 | Crear | Villager (Male) |
| 0:03 | Crear | Villager (Male) |
| 0:03 | Crear | Villager (Male) |
| 0:06 | Construir | House |
| 0:08 | Construir | House |
| 0:34 | Crear | Villager (Male) |
| 0:35 | Crear | Villager (Male) |
| 1:35 | Crear | Villager (Male) |
| 2:27 | Crear | Villager (Male) |
| 2:29 | Crear | Villager (Male) |
| 2:34 | Construir | Lumber Camp |
| 2:46 | Crear | Villager (Male) |
| 2:46 | Crear | Villager (Male) |
| 3:08 | Crear | Villager (Male) |
| 3:22 | Crear | Villager (Male) |
| 3:22 | Crear | Villager (Male) |
| 3:31 | Construir | House |
| 3:42 | Construir | House |
| 3:46 | Crear | Villager (Male) |
| 4:16 | Crear | Villager (Male) |
| 4:29 | Crear | Villager (Male) |
| 4:58 | Crear | Villager (Male) |
| 4:58 | Crear | Villager (Male) |
| 5:26 | Construir | Mill |
| 5:28 | Crear | Villager (Male) |
| 5:57 | Crear | Villager (Male) |
| 5:57 | Crear | Villager (Male) |
| 6:03 | Crear | Villager (Male) |
| 6:04 | Crear | Villager (Male) |
| 6:25 | Construir | House |
| 6:52 | Crear | Villager (Male) |
| 6:57 | Crear | Villager (Male) |
| 7:04 | Crear | Villager (Male) |
| 7:23 | Crear | Villager (Male) |
| 7:43 | Construir | Mill |
| 7:50 | Crear | Villager (Male) |
| 8:03 | Construir | House |
| 8:13 | Crear | Villager (Male) |
| 8:14 | Crear | Villager (Male) |
| 8:47 | Crear | Villager (Male) |
| 8:56 | Construir | Farm |
| 9:10 | Crear | Villager (Male) |
| 9:16 | Investigar | Feudal Age |
| 9:34 | Crear | Villager (Male) |
| 10:52 | Construir | Barracks |
| 11:07 | Crear | Villager (Male) |
| 11:42 | Edad | Edad Feudal |
| 11:46 | Crear | Villager (Male) |
| 12:25 | Construir | Stable |
| 13:23 | Construir | Stable |
| 13:25 | Crear | Scout Cavalry |
| 13:26 | Crear | Scout Cavalry |
| 14:20 | Construir | Blacksmith |
| 14:24 | Construir | Farm |
| 14:27 | Crear | Scout Cavalry |
| 14:27 | Crear | Scout Cavalry |
| 14:28 | Crear | Scout Cavalry |
| 14:29 | Crear | Scout Cavalry |
| 14:41 | Crear | Villager (Male) |
| 14:42 | Crear | Villager (Male) |
| 14:47 | Construir | House |
| 14:50 | Construir | House |
| 14:52 | Construir | House |
| 14:57 | Construir | House |
| 15:17 | Investigar | Forging |
| 15:20 | Crear | Scout Cavalry |
| 16:09 | Crear | Villager (Male) |
| 16:09 | Crear | Villager (Male) |
| 16:13 | Construir | Farm |
| 16:26 | Construir | Farm |
| 16:54 | Construir | Farm |
| 16:57 | Construir | Farm |
| 17:00 | Construir | Farm |
| 17:03 | Construir | Farm |
| 17:09 | Construir | Mining Camp |
| 17:12 | Construir | Farm |
| 17:22 | Construir | Farm |
| 17:25 | Construir | Farm |
| 17:28 | Construir | Farm |
| 18:32 | Crear | Spearman |
| 18:33 | Crear | Spearman |
| 18:33 | Crear | Spearman |
| 18:33 | Crear | Spearman |
| 18:36 | Crear | Villager (Male) |
| 18:36 | Crear | Villager (Male) |
| 18:42 | Construir | Farm |
| 19:44 | Construir | Farm |
| 19:46 | Construir | Farm |
| 20:09 | Construir | Palisade Wall |
| 20:25 | Construir | Palisade Wall |
| 20:28 | Crear | Villager (Male) |
| 20:28 | Crear | Villager (Male) |
| 20:36 | Construir | Farm |
| 20:41 | Construir | Farm |
| 20:49 | Construir | Market |
| 21:05 | Crear | Villager (Male) |
| 21:18 | Investigar | Double-Bit Axe |
| 21:42 | Construir | Mining Camp |
| 21:45 | Crear | Villager (Male) |
| 21:45 | Crear | Villager (Male) |
| 21:51 | Construir | Farm |
| 21:54 | Construir | Farm |
| 22:06 | Construir | Farm |
| 22:30 | Construir | House |
| 22:31 | Construir | House |
| 22:33 | Construir | House |
| 22:35 | Construir | House |
| 22:39 | Construir | House |
| 22:41 | Construir | House |
| 22:42 | Construir | House |
| 22:43 | Construir | House |
| 22:44 | Construir | House |
| 22:46 | Construir | House |
| 22:51 | Construir | Farm |
| 22:58 | Construir | Farm |
| 23:02 | Construir | Farm |
| 23:07 | Investigar | Castle Age |
| 23:09 | Investigar | Wheelbarrow |
| 24:06 | Investigar | Scale Barding Armor |
| 24:46 | Investigar | Town Watch |
| 24:51 | Investigar | Stone Mining |
| 25:23 | Construir | House |
| 25:25 | Construir | House |
| 25:26 | Construir | House |
| 25:27 | Construir | House |
| 25:47 | Edad | Edad de los Castillos |
| 25:58 | Investigar | Husbandry |
| 25:59 | Crear | Knight |
| 25:59 | Crear | Knight |
| 26:00 | Crear | Knight |
| 26:00 | Crear | Knight |
| 26:00 | Crear | Knight |
| 26:11 | Construir | Town Center |
| 26:19 | Crear | Villager (Male) |
| 26:20 | Crear | Villager (Male) |
| 26:20 | Crear | Villager (Male) |
| 26:22 | Crear | Villager (Male) |
| 26:34 | Construir | Town Center |
| 26:36 | Crear | Villager (Male) |
| 26:37 | Crear | Villager (Male) |
| 26:38 | Crear | Villager (Male) |
| 27:00 | Construir | House |
| 27:02 | Construir | House |
| 27:02 | Construir | House |
| 27:27 | Crear | Villager (Male) |
| 27:27 | Crear | Villager (Male) |
| 27:43 | Crear | Villager (Male) |
| 27:46 | Crear | Villager (Male) |
| 27:46 | Crear | Villager (Male) |
| 27:46 | Crear | Villager (Male) |
Build order — net_o_fists
39 acciones detectadas en el replay
| 0:09 | Construir | House |
| 0:16 | Construir | House |
| 0:17 | Construir | House |
| 0:21 | Construir | House |
| 0:31 | Crear | Villager (Male) |
| 0:31 | Crear | Villager (Male) |
| 0:32 | Crear | Villager (Male) |
| 0:32 | Crear | Villager (Male) |
| 0:32 | Crear | Villager (Male) |
| 0:33 | Investigar | Loom |
| 2:19 | Construir | Lumber Camp |
| 3:13 | Crear | Villager (Male) |
| 3:14 | Crear | Villager (Male) |
| 3:17 | Crear | Villager (Male) |
| 3:33 | Crear | Villager (Male) |
| 4:40 | Crear | Villager (Male) |
| 4:44 | Crear | Villager (Male) |
| 5:22 | Construir | Mining Camp |
| 5:43 | Crear | Villager (Male) |
| 5:44 | Crear | Villager (Male) |
| 6:32 | Crear | Villager (Male) |
| 6:46 | Construir | Mining Camp |
| 7:40 | Construir | Mill |
| 7:57 | Construir | House |
| 8:06 | Crear | Villager (Male) |
| 8:37 | Construir | House |
| 8:59 | Crear | Villager (Male) |
| 9:44 | Crear | Villager (Male) |
| 9:44 | Crear | Villager (Male) |
| 10:23 | Construir | Barracks |
| 10:34 | Crear | Villager (Male) |
| 11:29 | Crear | Villager (Male) |
| 12:24 | Crear | Villager (Male) |
| 14:52 | Investigar | Feudal Age |
| 15:37 | Crear | Militia |
| 15:38 | Crear | Militia |
| 17:02 | Edad | Edad Feudal |
| 17:09 | Crear | Spearman |
| 17:09 | Crear | Spearman |
Cronología de la partida
| 4:10 | okay · resign |
| 7:43 | Abraham16034735 · first_building Barracks |
| 8:17 | Jhon wick · first_building Barracks |
| 8:53 | Bentenasin · wall_segment Palisade Wall x8 |
| 9:07 | Bentenasin · wall_segment Palisade Wall x14 |
| 9:55 | Jhon wick · age_up feudal |
| 10:08 | Jhon wick · first_building Archery Range |
| 10:11 | Abraham16034735 · first_building Stable |
| 10:12 | Bentenasin · wall_segment Palisade Wall x6 |
| 10:23 | net_o_fists · first_building Barracks |
| 10:28 | Jhon wick · wall_segment Palisade Wall x16 |
| 10:46 | Bentenasin · age_up feudal |
| 10:52 | Kronos · first_building Barracks |
| 11:08 | ubbe · first_building Barracks |
| 11:15 | Ty5oN · age_up feudal |
| 11:37 | Bentenasin · wall_segment Stone Wall x10 |
| 11:42 | Kronos · age_up feudal |
| 11:58 | Jhon wick · wall_segment Palisade Wall x2 |
| 12:07 | Jhon wick · wall_segment Palisade Wall x1 |
| 12:25 | Kronos · first_building Stable |
| 13:56 | Jhon wick · wall_segment Palisade Wall x21 |
| 16:29 | Ty5oN · age_up castle |
| 16:43 | Ty5oN · first_market_sell 100 wood |
| 16:44 | Ty5oN · first_market_buy 100 stone |
| 17:02 | net_o_fists · age_up feudal |
| 17:05 | Ty5oN · first_building Castle |
| 17:09 | ubbe · age_up feudal |
| 17:19 | Bentenasin · first_market_buy 100 food |
| 17:43 | Jhon wick · wall_segment Palisade Wall x13 |
| 17:48 | Jhon wick · wall_segment Palisade Wall x3 |
| 19:09 | Bentenasin · first_building Barracks |
| 19:36 | Bentenasin · first_building Archery Range |
| 19:37 | Abraham16034735 · first_building Monastery |
| 19:40 | Jhon wick · first_market_buy 100 food |
| 19:56 | Bentenasin · wall_segment Stone Wall x15 |
| 20:08 | Bentenasin · age_up castle |
| 20:09 | Kronos · wall_segment Palisade Wall x13 |
| 20:25 | Kronos · wall_segment Palisade Wall x9 |
| 22:00 | Kronos · first_market_buy 100 food |
| 22:43 | Abraham16034735 · wall_segment Palisade Wall x20 |
| 22:53 | ubbe · age_up castle |
| 23:14 | Jhon wick · age_up castle |
| 23:27 | Abraham16034735 · wall_segment Palisade Wall x9 |
| 23:35 | Abraham16034735 · wall_segment Palisade Wall x2 |
| 24:22 | Bentenasin · wall_segment Stone Wall x3 |
| 25:47 | Kronos · age_up castle |
| 26:39 | Abraham16034735 · first_building Castle |
| 26:42 | Jhon wick · first_building Siege Workshop |
| 27:13 | Abraham16034735 · first_building Archery Range |
| 29:29 | ubbe · first_building Castle |
| 32:41 | Bentenasin · first_building Castle |
| 32:47 | Bentenasin · first_building Siege Workshop |
| 32:50 | Bentenasin · wall_segment Stone Wall x1 |
| 32:54 | Bentenasin · wall_segment Stone Wall x4 |
| 32:58 | Jhon wick · first_building Castle |
| 33:07 | Jhon wick · first_market_sell 100 food |
| 34:18 | ubbe · first_building Siege Workshop |
| 34:39 | Kronos · first_building Castle |
| 35:11 | Abraham16034735 · first_market_buy 100 stone |
| 35:22 | Jhon wick · first_building Monastery |
| 35:57 | Bentenasin · first_market_sell 100 wood |
| 36:21 | Jhon wick · age_up imperial |
| 36:50 | Abraham16034735 · first_market_sell 100 wood |
| 38:45 | ubbe · age_up imperial |
| 40:03 | Bentenasin · age_up imperial |
| 41:02 | Kronos · age_up imperial |
| 43:19 | Kronos · first_market_sell 500 wood |
| 44:37 | Kronos · tribute_sent a jugador 1 |
| 44:37 | Kronos · tribute_sent a jugador 2 |
| 44:37 | Kronos · tribute_sent a jugador 3 |
| 44:37 | Kronos · tribute_sent a jugador 4 |
| 44:37 | Kronos · tribute_sent a jugador 5 |
| 44:37 | Kronos · tribute_sent a jugador 6 |
| 44:37 | Kronos · tribute_sent a jugador 8 |
| 45:28 | Ty5oN · first_building Barracks |
| 45:51 | Ty5oN · first_building Monastery |
| 47:59 | Ty5oN · age_up imperial |
| 54:53 | Jhon wick · tribute_sent a jugador 1 |
| 54:53 | Jhon wick · tribute_sent a jugador 2 |
| 54:53 | Jhon wick · tribute_sent a jugador 4 |
| 54:53 | Jhon wick · tribute_sent a jugador 5 |
| 54:53 | Jhon wick · tribute_sent a jugador 6 |
| 54:53 | Jhon wick · tribute_sent a jugador 7 |
| 54:53 | Jhon wick · tribute_sent a jugador 8 |
| 56:21 | Kronos · first_building Archery Range |
[ ANÁLISIS IA · 1 CRÉDITO ]
¿Qué pasó realmente en esta partida?
Wolo.gg analiza cada decisión: build order, eco, micro, errores típicos por bracket. Análisis personalizado por WhatsApp o Discord en 30 segundos.
Guía civ
Malayos
Guía mapa
Arabia
Perfil
okay